 Dungeon Crawl Stone Soup version 0.30-a0-310-g7d6cbdfea6 (webtiles) character file.

Game seed: 3443283568071773207

25 retardedninja the Trooper (level 2, 25/27 HPs)
             Began as a Minotaur Fighter on Oct 24, 2022.
             Quit the game on level 1 of the Dungeon.
             The game lasted 00:00:39 (241 turns).

retardedninja the Trooper (Minotaur Fighter)         Turns: 241, Time: 00:00:40

Health: 25/27      AC:  7    Str: 20    XL:     2   Next: 86%
Magic:  1/1        EV:  9    Int:  5    God:
Gold:   39         SH:  4    Dex:  9    Spells: 1/1 levels left

rFire   . . .      SeeInvis .    a - +0 war axe
rCold   . . .      Faith    .    c - +0 buckler
rNeg    . . .      Spirit   .    b - +0 scale mail
rPois   .          Reflect  .    (helmet restricted)
rElec   .          Harm     .    (no cloak)
rCorr   .          Rampage  .    (no gloves)
Will    .....                    (no boots)
Stlth   ..........               (no amulet)
HPRegen 0.24/turn                (no ring)
MPRegen 0.07/turn                (no ring)

@: no status effects
A: horns 2, retaliatory headbutt
a: no special abilities


You were on level 1 of the Dungeon.
You visited 1 branch of the dungeon, and saw 1 of its levels.

You collected 39 gold pieces.

Inventory:

Hand Weapons
 a - a +0 war axe (weapon)
Armour
 b - a +0 scale mail (worn)
 c - a +0 buckler (worn)
Scrolls
 e - a scroll of identify {unknown}
 f - a scroll of brand weapon {unknown}
 g - a scroll of fear {unknown}
Potions
 d - a potion of might
 h - 2 potions of curing {unknown}


   Skills:
 + Level 4.1 Fighting
 + Level 2.5 Axes
 + Level 4.1 Armour
 + Level 4.0 Shields


You had one spell level left.
You didn't know any spells.
Your spell library contained the following spells:

 Spells                   Type           Power      Damage    Failure   Level
 Ozocubu's Armour         Ice            0%         N/A       99%         3
 Metabolic Englaciation   Hex/Ice        0%         N/A       100%        5
 Simulacrum               Ice/Necr       0%         N/A       100%        6


Dungeon Overview and Level Annotations

Branches:
Dungeon (1/15)

Altars:


Innate Abilities, Weirdness & Mutations

You have a pair of horns on your head.
You reflexively headbutt those who attack you in melee.


Message History

Your Fighting skill increases to level 4!
Unknown command.
You barely miss the jackal. Your headbutt misses the jackal.
You barely miss the bat. You closely miss the hobgoblin.
The bat hits you but does no damage. The jackal closely misses you.
The hobgoblin hits you but does no damage.
The jackal bites you but does no damage.
Unknown command.
You slash the jackal!
You kill the jackal!
You barely miss the goblin. You closely miss the hobgoblin.
The bat closely misses you. The goblin hits you with a +0 dagger.
The hobgoblin barely misses you.
Unknown command.
You closely miss the bat. You hit the hobgoblin. You closely miss the goblin.
The bat closely misses you. You furiously retaliate!
You headbutt the bat!
You kill the bat!
The goblin hits you with a +0 dagger. The hobgoblin closely misses you.
The hobgoblin barely misses you. You furiously retaliate!
You headbutt the hobgoblin!
You kill the hobgoblin!
The goblin closely misses you.
You hit the goblin.
You kill the goblin!
Unknown command.
The dart slug bites you.
Things that are here:
a +0 dagger; a goblin corpse; a jackal corpse Unknown command.
You hit the dart slug.
The dart slug is heavily wounded.
The dart slug bites you.
Unknown command.
You hit the dart slug but do no damage. You headbutt the dart slug.
You kill the dart slug!
Unknown command.
No target in view!
Unknown command.
No target in view!
Are you sure you want to abandon this character and quit the game? (Confirm with "yes".)

#..##
##...#
###..##
#....
#.....#
#....
#..###.#
...... #.#
#.#####
.....## #.
#.#...#
.#....# #
#.#...#
.....#
#.#†.=###.#
#..@†......
###........
#...#....
#...# ...
#...# .
#.>.# #...#
#####


There were no monsters in sight!

Vanquished Creatures
  A dart slug (D:1)
  An endoplasm (D:1)
  4 giant cockroaches (D:1)
  3 goblins (D:1)
  A hobgoblin (D:1)
  4 jackals (D:1)
  A ball python (D:1)
  3 bats (D:1)
  A frilled lizard (D:1)
  A rat (D:1)
20 creatures vanquished.

Notes
Turn   | Place    | Note
-------+----------+-------------------------------------------
     0 | D:1      | retardedninja the Minotaur Fighter began the quest for the
                  | Orb.
     0 | D:1      | Reached XP level 1. HP: 19/19 MP: 0/0
   144 | D:1      | Reached XP level 2. HP: 25/27 MP: 1/1
   241 | D:1      | Quit the game

Illustrated notes

Levels and vault maps discovered:
D:1:      nzn_arrival_depleted_hourglass, layout_rooms

Skill      XL: |  1  2 |
---------------+-------+-----
Armour         | 4 |  4.1
Shields        | 4 |  4.0
Fighting       | 4 |  4.1
Axes           | |  2.5

Action                   || total
-------------------------++-------
Melee: War axe           ||    26
       Headbutt          ||     2
Armor: Scale mail        ||    18
Dodge: Dodged            ||    18
Block: Buckler           ||     7

Table legend: (Time is in decaauts)
 A = Elapsed time spent in this place.
 B = Non-inter-level travel time spent in this place.
 C = Inter-level travel time spent in this place.
 D = Time resting spent in this place.
 E = Time spent auto-exploring this place.
 F = Levels seen in this place.
 G = Mean time per level.
                   A        B        C        D        E       F      G
               +--------+--------+--------+--------+--------+-----+--------+
         Total |    251 |    251 |      0 |      0 |    187 |   1 |  251.0 |
       Dungeon |    251 |    251 |      0 |      0 |    187 |   1 |  251.0 |
               +--------+--------+--------+--------+--------+-----+--------+

Top non-repeatable levels by time:
     D:1: 251 daAuts
